 Dungeon Crawl Stone Soup version 0.28.0-45-g0d030f2227 (webtiles) character file.

Game seed: 17143502333962170331

252 pkoi the Digger (level 5, 0/38 HPs)
             Began as a Demigod Earth Elementalist on Apr 15, 2022.
             Slain by a gnoll
             ... wielding a +0 halberd
              (11 damage)
             ... on level 3 of the Dungeon.
             The game lasted 00:07:23 (5297 turns).

pkoi the Digger (Demigod Earth Elementalist)        Turns: 5297, Time: 00:07:23

Health: 0/38       AC:  2    Str:  9    XL:     5   Next: 58%
Magic:  3/12       EV: 12    Int: 21    God:
Gold:   75         SH:  0    Dex: 23    Spells: 0/9 levels left

rFire   . . .      SeeInvis .   k - +2 club (spect)
rCold   + + +      Faith    .   (no shield)
rNeg    . . .      Spirit   .   s - +0 robe of Parlour Games {rC+++ Dex+9}
rPois   .          Reflect  .   (no helmet)
rElec   .          Harm     .   (no cloak)
rCorr   .          Rampage  .   (no gloves)
Will    .....                   (no boots)
Stlth   ++........              (no amulet)
HPRegen 0.12/turn               (no ring)
MPRegen 0.13/turn               (no ring)

@: no status effects
A: high MP 1, forlorn, divine attributes
a: no special abilities


You were on level 3 of the Dungeon.
You visited 1 branch of the dungeon, and saw 3 of its levels.

You collected 88 gold pieces.
You spent 13 gold pieces at shops.

Inventory:

Hand Weapons
 d - a +0 club
 f - a +0 dagger
 k - a +2 spectral club (weapon)
Missiles
 c - 189 stones
 r - a throwing net
Armour
 b - a +0 robe
 l - a +0 helmet
 s - the +0 robe of Parlour Games (worn) {rC+++ Dex+9}
   (You found it on level 3 of the Dungeon)

   Dex:       It affects your dexterity (+9).
   rC:        It renders you almost immune to cold.
Scrolls
 e - 3 scrolls of teleportation {unknown}
 h - a scroll of enchant weapon {unknown}
 i - a scroll of identify {unknown}
 o - a scroll of noise {unknown}
 p - a scroll of fog {unknown}
 t - a scroll of blinking {unknown}
 u - a scroll of fear {unknown}
Potions
 a - a potion of magic {unknown}
 g - a potion of attraction {unknown}
 j - 2 potions of haste {unknown}
 m - a potion of brilliance {unknown}
 n - 3 potions of degeneration
 q - a potion of lignification {unknown}


   Skills:
 - Level 1.7 Dodging
 - Level 1.7 Stealth
 + Level 1.8 Unarmed Combat
 + Level 2.7 Spellcasting
 + Level 1.3 Conjurations
 + Level 1.7 Transmutations
 + Level 0.1 Air Magic
 * Level 4.4 Earth Magic
 + Level 0.3 Poison Magic


You couldn't memorise any spells.
You knew the following spells:

 Your Spells              Type           Power      Damage    Failure   Level
a - Sandblast             Erth           42%        2d11      2%          1
b - Passwall              Tmut/Erth      12%        N/A       6%          2
c - Stone Arrow           Conj/Erth      28%        3d8       13%         3
d - Mephitic Cloud        Conj/Pois/Air  5%         N/A       32%         3

Your spell library contained the following spells:

 Spells                   Type           Power      Damage    Failure   Level
 Beastly Appendage        Tmut           20%        N/A       7%          1
 Wereblood                Tmut           10%        N/A       10%         2
 Sublimation of Blood     Necr           2%         N/A       21%         2
 Spider Form              Tmut/Pois      7%         N/A       26%         3
 Ignite Poison            Fire/Tmut/Pois 5%         N/A       30%         3
 Petrify                  Tmut/Erth      15%        N/A       36%         4
 Frozen Ramparts          Ice            4%         1d2       38%         3
 Ice Form                 Ice/Tmut       6%         N/A       67%         4
 Summon Ice Beast         Ice/Summ       2%         N/A       80%         4
 Freezing Cloud           Conj/Ice/Air   2%         6-21      97%         5
 Summon Hydra             Summ           1%         N/A       100%        7


Dungeon Overview and Level Annotations

Branches:
Dungeon (3/15)

Shops:
D:2 !*?=


Innate Abilities, Weirdness & Mutations

You have an increased reservoir of magic. (+10% MP)
You shall have no god before yourself.
Your divine heritage dramatically boosts your attributes as you level up.


Message History

You kill the gnoll!
The gnoll hits you from afar with a +0 spear.
* * * LOW HITPOINT WARNING * * *
Aiming: Sandblast (safe; 2% risk of failure)
Press: ? - help, Q - select action, (/) - cycle Shift-Dir - straight line, f - gnoll
Aim: a gnoll, wielding a +0 spear and wearing the amulet "Mipippui" {Spirit Rampage rF+ Int+3} (83% to hit)
The blast of sand hits the gnoll!
The gnoll is almost dead.
The gnoll completely misses you.
Aiming: Sandblast (safe; 2% risk of failure)
Press: ? - help, Q - select action, (/) - cycle Shift-Dir - straight line, f/p - gnoll
Aim: a gnoll, wielding a +0 spear and wearing the amulet "Mipippui" {Spirit Rampage rF+ Int+3} (almost dead, 83% to hit)
The blast of sand hits the gnoll!
You kill the gnoll!
Aiming: Sandblast (safe; 2% risk of failure)
Press: ? - help, Q - select action, (/) - cycle Shift-Dir - straight line, f - gnoll
Aim: a gnoll, wielding a +1 halberd of flaming (83% to hit)
The blast of sand hits the gnoll!
The gnoll is almost dead.
Unknown command.
Aiming: Sandblast (safe; 2% risk of failure)
Press: ? - help, Q - select action, (/) - cycle Shift-Dir - straight line, f/p - gnoll
Aim: a gnoll, wielding a +1 halberd of flaming (almost dead, 83% to hit)
The blast of sand hits the gnoll!
You kill the gnoll!
Unknown command.
Aiming: Sandblast (safe; 2% risk of failure)
Press: ? - help, Q - select action, (/) - cycle Shift-Dir - straight line, f - gnoll
Aim: a gnoll, wielding a +0 halberd (83% to hit)
The blast of sand hits the gnoll!
The gnoll is heavily wounded.
The gnoll hits you from afar with a +0 halberd!
* * * LOW HITPOINT WARNING * * *
Aiming: Sandblast (safe; 2% risk of failure)
Press: ? - help, Q - select action, (/) - cycle Shift-Dir - straight line, f/p - gnoll
Aim: a gnoll, wielding a +0 halberd (heavily wounded, 83% to hit)
The blast of sand hits the gnoll.
The gnoll is almost dead.
The gnoll hits you from afar with a +0 halberd!
You die...

# ######## .. #......#######
... #............# ....
#............. .....
#.............
......###########.......###...
......'...bg.@..'.........'...
......###########.......###...
..... #............. ####
#...........## #...........##
#####.......## #.......##
#.....).## #.......##


You could see a gnoll and a bat.

Vanquished Creatures
  Jessica (D:2)
  Robin (D:2)
  6 gnolls (D:3)
  6 adders
  An adder zombie (D:3)
  A dart slug (D:2)
  A worm (D:3)
  2 orcs (D:3)
  5 ball pythons
  5 endoplasms
  5 giant cockroaches
  17 goblins
  5 hobgoblins
  3 jackals
  6 quokkas
  9 bats
  2 frilled lizards
  12 kobolds
  5 rats
93 creatures vanquished.

Vanquished Creatures (others)
  A goblin (D:2)
1 creature vanquished.

Grand Total: 94 creatures vanquished

Notes
Turn   | Place    | Note
-------+----------+-------------------------------------------
     0 | D:1      | pkoi the Demigod Earth Elementalist began the quest for the
                  | Orb.
     0 | D:1      | Reached XP level 1. HP: 14/14 MP: 5/5
   257 | D:1      | Reached skill level 3 in Earth Magic
   586 | D:1      | Reached XP level 2. HP: 16/20 MP: 7/7
   848 | D:1      | Learned a level 2 spell: Passwall
  2027 | D:2      | Reached XP level 3. HP: 26/26 MP: 5/8
  2157 | D:2      | Learned a level 3 spell: Stone Arrow
  2238 | D:2      | Noticed Jessica
  2247 | D:2      | Reached skill level 1 in Unarmed Combat
  2247 | D:2      | Reached skill level 1 in Transmutations
  2248 | D:2      | Killed Jessica
  2381 | D:2      | Reached XP level 4. HP: 33/33 MP: 8/10
  2402 | D:2      | Found Waowneat's Jewellery Shoppe.
  2405 | D:2      | Noticed Robin
  2411 | D:2      | Killed Robin
  2611 | D:2      | Found Eshid's Distillery.
  2617 | D:2      | Bought a potion of degeneration for 13 gold pieces
  2623 | D:2      | Found Wagaoc's General Store.
  3005 | D:2      | Reached skill level 4 in Earth Magic
  3184 | D:2      | Found Xizaukya's Magic Scroll Emporium.
  4211 | D:3      | Reached skill level 1 in Conjurations
  4216 | D:3      | Reached XP level 5. HP: 26/38 MP: 7/11
  4732 | D:3      | Identified the +0 robe of Parlour Games {rC+++ Dex+9}
  5204 | D:3      | Learned a level 3 spell: Mephitic Cloud
  5276 | D:3      | Identified the amulet "Mipippui" {Spirit Rampage rF+ Int+3}
  5297 | D:3      | Slain by a gnoll

Illustrated notes

Levels and vault maps discovered:
D:1:      tarquinn_simple_flora_water_e, layout_basic,
          chequers_ecumenical_altar_grove
D:2:      minmay_diamond_boxcup, layout_loops_corners, serial_shops,
          nicolae_lakefront_shop, nicolae_shop_statue_plus,
          nicolae_shop_crystal, shop, uniq_jessica, uniq_robin
D:3:      layout_basic, minmay_three_crescents

Skill      XL: |  1  2  3  4 |
---------------+-------------+-----
Earth Magic    | 3 4 |  4.4
Spellcasting   | 2 |  2.7
Unarmed Combat | 1 |  1.8
Transmutations | 1 |  1.7
Conjurations   | 1 |  1.3
Dodging        | |  1.7
Stealth        | |  1.7
Air Magic      | |  0.1
Poison Magic   | |  0.3

Action                   |  1- 3 |  4- 6 || total
-------------------------+-------+-------++-------
Melee: Dagger            |   108 |       ||   108
       Club              |    10 |    91 ||   101
       Unarmed           |     1 |       ||     1
       Punch             |     1 |     1 ||     2
 Cast: Sandblast         |    28 |    37 ||    65
 Stab: Sleeping          |     1 |     8 ||     9
Armor: Robe              |    32 |    14 ||    46
Dodge: Dodged            |   104 |    71 ||   175
